[Event "ITT 1st Parada Jamundi 2022"]
[Site "Jamundi Valle"]
[Date "2022.12.09"]
[Round "6.5"]
[White "Zuluaga Mancilla, Cesar"]
[Black "Cori Quispe, Kevin Joel"]
[Result "1-0"]
[ECO "E11"]
[WhiteElo "2230"]
[BlackElo "2469"]
[Annotator "TA"]
[PlyCount "109"]
[EventDate "2022.12.05"]
[EventType "swiss"]
[EventCountry "COL"]
[SourceTitle "playchess.com"]
[Source "ChessBase"]
[SourceQuality "1"]
[TimeControl "5400+30"]

1. d4 Nf6 2. Nf3 e6 3. c4 Bb4+ 4. Nbd2 O-O 5. a3 Be7 6. e4 d6 {[%emt 0:00:06][%cal Oe6e5] E11: Bogo-Indian.} 7. Bd3 Nbd7 8. b4 c5 {[%emt 0:05:58] The position is equal.} 9. bxc5 dxc5 10. d5 e5 {[%emt 0:00:34] [#]} (10... exd5 $14 11. cxd5 (11. exd5 b5 $11) 11... b5) 11. Nf1 $146 ({Predecessor:} 11. O-O Ne8 12. Bb2 Bf6 13. a4 Nd6 14. a5 Re8 15. Qb3 Rb8 16. Rfb1 Nf8 17. Nf1 {1-0 (28) Williams,S (2455)-Tarjan,J (2490) Chess.com INT 2015}) 11... Nh5 12. g3 {[%emt 0:05:49] Inhibits Nf4. White is more active.} Re8 13. Ne3 Bf8 14. Bb2 g6 15. Nd2 Ndf6 16. Bc3 Bh3 17. Be2 Bh6 18. Bf3 (18. Bf1 $5 Qd7 19. Qf3 $14 (19. Bxh3 Qxh3 20. Qe2 Rad8 $14)) 18... Qc8 19. Qe2 a6 20. a4 b6 21. Qd3 Rb8 22. Ke2 Ng7 23. Kd1 (23. Rhg1 $16) 23... Nfh5 (23... Re7 $11) 24. Kc2 $14 Bd7 25. Rhb1 (25. h3 $5 ) 25... f5 26. Bg2 (26. exf5 $14 {is more appropriate.} Nxf5 27. Nxf5 Bxf5 28. Be4) 26... Nf6 $11 27. f3 Ngh5 (27... Rb7 $11) 28. Qe2 (28. exf5 {looks sharper.} gxf5 29. Re1 b5 30. axb5 axb5 31. d6) 28... Bf8 29. Bh3 Bd6 (29... Bg7 $14) 30. Qe1 (30. Rb3 $16) 30... Ng7 $1 $14 31. Bf1 Re7 32. Kc1 (32. a5 $16 b5 33. cxb5 axb5 34. a6) 32... Qe8 (32... fxe4 $11 {keeps the balance.} 33. fxe4 (33. Nxe4 Nxe4 34. fxe4 Rf7 $14) 33... Rf7) 33. Qd1 (33. a5 $16) 33... Rf7 34. Bd3 Nfh5 ({Black should play} 34... Qc8 $14) 35. Bc2 (35. a5 $16) 35... Qe7 36. Qe2 Rff8 (36... f4 $11 {remains equal.} 37. Nef1 (37. Ng4 Qg5 $15) 37... Ne8) 37. Rb2 (37. exf5 $16 gxf5 38. Ng2) 37... f4 $11 38. Nef1 fxg3 39. hxg3 Qg5 (39... Ne8 {simplifies} 40. Rab1 Bc7 41. a5 b5) 40. Qf2 b5 (40... Ne8 $14) 41. axb5 $18 axb5 42. cxb5 Bxb5 43. Kd1 Nf6 (43... Bxf1 $142 44. Nxf1 Rxb2 45. Bxb2 c4) 44. Qe3 ({White should try} 44. Ne3 $18) 44... Qh5 $16 {[%emt 0:01:20][%cal Og7f5] [#] aiming for ...Nf5!} 45. Bd3 (45. Qe1 $142) 45... Bxd3 (45... c4 $16 46. Be2 (46. Bxc4 Bxc4 47. Rxb8 Bxb8 $11) (46. Nxc4 Nxd5 47. exd5 Rxf3 $16) 46... Nf5) 46. Rxb8 $18 {[%emt 0:00:29] Really sharp!} ({Don't do} 46. Qxd3 $6 Qh3 47. Ra6 Rbd8 $18) 46... Bxb8 47. Qxd3 Nfe8 48. Kc2 Nd6 49. Ne3 Qg5 50. Ra8 {[%emt 0:02:01] Black must now prevent Ng4.} Qe7 (50... Qxg3 $2 51. Ng4 Qh4 52. Bxe5 $18) (50... Nf7 {keeps fighting.} 51. Qb5 Bc7) 51. Qa6 {[%emt 0:00:22] Threatens to win with Ng4.} Nh5 $2 {[%emt 0:00:21] [#]} (51... Bc7 52. Ng4 Rb8 53. Rxb8+ Bxb8 54. Bxe5 Nge8 55. Nh6+ Kf8) 52. Ng4 {[%emt 0:00:37] White is clearly winning.} Nf7 53. Qe6 Bd6 54. Nh6+ Kg7 55. Rxf8 {[%emt 0:00:20] Weighted Error Value: White=0.28 (precise) /Black=0.36} 1-0

[Event "ITT 1st Parada Jamundi 2022"]
[Site "Jamundi Valle"]
[Date "2022.12.09"]
[Round "6.6"]
[White "Lopez Rayo, Santiago"]
[Black "Aguero Jimenez, Luis Lazaro"]
[Result "0-1"]
[ECO "B43"]
[WhiteElo "2300"]
[BlackElo "2465"]
[Annotator "TA"]
[PlyCount "72"]
[EventDate "2022.12.05"]
[EventType "swiss"]
[EventCountry "COL"]
[SourceTitle "playchess.com"]
[Source "ChessBase"]
[SourceQuality "1"]
[TimeControl "5400+30"]

1. e4 c5 2. Nf3 e6 3. d4 cxd4 4. Nxd4 a6 5. Nc3 b5 6. Bd3 Qb6 7. Nf3 Qc7 $1 {[%emt 0:00:14] The main line 7...Qc7 scores better than 7...Nc6.} 8. O-O Bb7 {[%emt 0:00:25] B43: Sicilian: Kan Variation: 5 Nc3.} 9. Re1 d6 10. Bd2 Nd7 {[%emt 0:01:40] White is slightly better.} 11. a4 {[%emt 0:02:27] [#]} bxa4 $146 ({Predecessor:} 11... b4 12. Na2 a5 13. c3 Nc5 14. Bb5+ Bc6 15. cxb4 axb4 16. Nxb4 Bxb5 17. axb5 Qb7 18. Rxa8+ Qxa8 {1-0 (27) Baskin,R (2390)-Warchol,K (2099) Chess.com INT 2021}) 12. Rxa4 Be7 13. Be3 (13. Qe2 $14) 13... Ngf6 $11 14. Qe2 O-O 15. Rea1 Rfb8 16. Nd2 Ne5 17. Nb3 Nxd3 18. Qxd3 Ng4 19. Bf4 {[%emt 0:02:33] Inhibits d5.} Qb6 20. Qe2 Ne5 21. Be3 Qc7 22. Na5 Bc8 23. f4 Rxb2 24. Bd4 (24. fxe5 $15 Qxc3 25. Rc4 Rxc2 26. Rxc3 Rxe2 27. Nc6) 24... Bd7 $1 $17 {[%emt 0:15:36] Black is more active.} 25. fxe5 $2 {[%emt 0:02:07] [#]} (25. R4a3) 25... Bxa4 $19 26. Nxa4 Rxc2 (26... Qxa5 $2 27. Bxb2 (27. Nxb2 $2 {is the wrong capture.} Qxa1+ 28. Qf1 Qxf1+ 29. Kxf1 dxe5 $19) 27... dxe5 28. Kh1 $16) 27. Bb6 Qc8 (27... Rxe2 $2 {loses.} 28. Bxc7 dxe5 29. Kf1 Rxe4 30. Nc6 $19) 28. Qe3 dxe5 29. Rd1 Qe8 30. Qb3 Rac8 31. Bf2 $2 {[%emt 0:02:39] [#]} (31. Nb7) 31... Qb5 {[%emt 0:03:17] Black is clearly winning.} 32. Qxb5 axb5 33. Nb6 Rd8 34. Rf1 Rd3 35. h3 Ra3 36. Nb7 Ra7 {[%emt 0:00:29] Weighted Error Value: White=0.62/Black=0.14 (very precise)} 0-1

[Event "ITT 1st Parada Jamundi 2022"]
[Site "Jamundi Valle"]
[Date "2022.12.09"]
[Round "6.7"]
[White "Rios, Cristhian Camilo"]
[Black "Arango Arenas, Juan Camilo"]
[Result "1-0"]
[ECO "A65"]
[WhiteElo "2456"]
[BlackElo "2202"]
[Annotator "TA"]
[PlyCount "89"]
[EventDate "2022.12.05"]
[EventType "swiss"]
[EventCountry "COL"]
[SourceTitle "playchess.com"]
[Source "ChessBase"]
[SourceQuality "1"]
[TimeControl "5400+30"]

1. d4 Nf6 2. c4 c5 3. d5 g6 4. Nc3 Bg7 5. e4 d6 6. f3 e6 7. Bg5 h6 8. Be3 exd5 9. cxd5 O-O 10. Qd2 Re8 11. Be2 $1 {[%emt 0:00:54][%mdl 4] is now more promising than 11.Nge2.} h5 12. Bd1 {[%emt 0:00:39] A65: Modern Benoni: 6 e4.} Nbd7 13. Nge2 Ne5 14. b3 {[%emt 0:00:25] [#] Against Nc4. The position is equal.} b5 $146 ({Predecessor:} 14... Bd7 15. a4 Nh7 16. O-O h4 17. h3 f5 18. Bc2 Qf6 19. Rad1 Rac8 20. Kh1 a6 21. a5 Qd8 {1-0 (43) Istratescu,A (2619)-David,A (2528) La Roche sur Yon 2007}) 15. O-O (15. Nxb5 $11 Ba6 16. a4) 15... b4 $15 16. Na4 a5 17. Nb2 Ba6 18. Rc1 Rc8 19. h3 c4 (19... Nfd7 $15) 20. bxc4 $1 $11 Nxc4 (20... Bxc4 {keeps more tension.} 21. Ba4 Re7 22. Bb3 Ba6) 21. Nxc4 Rxc4 22. Ba4 Re7 23. Nd4 (23. Rxc4 $1 $14 Bxc4 24. Rd1) 23... Rxd4 24. Bxd4 {[%emt 0:02:08] [#] aiming for Rf2.} (24. Qxd4 $2 Bxf1 25. Qb6 Qxb6 26. Bxb6 Bd3 $19) 24... Bxf1 25. Kxf1 {[%emt 0:01:18] Threatens to win with Rc6.} Nd7 $1 26. Bxd7 Rxd7 27. Rc6 Rb7 {[%emt 0:02:59] Against Bb6} 28. Qc2 Rb8 {[%emt 0:01:34] Inhibits Rc8.} (28... Bxd4 $2 29. Rc8 Rd7 30. Rxd8+ Rxd8 31. Qc7 $18) 29. Bb6 {[%emt 0:06:35] [#]} Qf6 $1 $19 (29... Rxb6 30. Rc8 $18) 30. Bc7 (30. Bxa5 Qa1+ 31. Ke2 b3 32. axb3 (32. Rc8+ $2 Kh7 $19) 32... Qxa5 $19) 30... Qa1+ 31. Qc1 {[%emt 0:00:29] Black must now prevent Qxa1.} ({Don't play} 31. Ke2 Rb7 32. Bb6 (32. Bxa5 $2 Ra7 $19) (32. Bxd6 Qg1 $17) 32... Qh1 $17) 31... Qxc1+ ({Black should try} 31... Qxa2 $1 $11 32. Rc2 (32. Bxb8 b3 $17) 32... Qb3 33. Bxb8 Qd3+ 34. Re2 b3) 32. Rxc1 $11 {[%emt 0:00:09][%mdl 4096] Endgame KRB-KRB} Rc8 {[%emt 0:00:02] Black cannot hold the game after this.} (32... Rb5 $16 {is a better defense.}) 33. Rc6 $18 Ra8 {[%emt 0:04:06] Hoping for ...a4.} 34. Bxd6 Bf8 35. Bxf8 Kxf8 {[%emt 0:00:01] KR-KR} 36. Rc4 Rb8 37. Ke2 b3 $2 (37... a4 {might work better.} 38. Kd3 Ke8) 38. axb3 Rxb3 39. Ra4 Rb2+ 40. Ke3 Rxg2 (40... Rb5 $142 41. Kd4 Ke7) 41. Rxa5 Rh2 42. d6 {[%emt 0:00:07] Threatening mate with Ra8+.} Ke8 43. Ra7 Rxh3 44. Re7+ Kf8 45. Re5 {[%emt 0:00:09] Weighted Error Value: White=0.32/Black=0.48} 1-0

[Event "ITT 1st Parada Jamundi 2022"]
[Site "Jamundi Valle"]
[Date "2022.12.09"]
[Round "6.8"]
[White "Malka, Samuel"]
[Black "Campos Gomez, Manuel"]
[Result "1/2-1/2"]
[ECO "D55"]
[WhiteElo "2265"]
[BlackElo "2322"]
[Annotator "TA"]
[PlyCount "60"]
[EventDate "2022.12.05"]
[EventType "swiss"]
[EventCountry "COL"]
[SourceTitle "playchess.com"]
[Source "ChessBase"]
[SourceQuality "1"]
[TimeControl "5400+30"]

1. d4 Nf6 2. c4 b6 3. Nc3 Bb7 4. Qc2 d5 5. Nf3 e6 6. Bg5 Be7 7. e3 $1 {[%emt 0:01:05] 7.e3 scores better than 7.cxd5.} O-O 8. Rd1 {[%emt 0:05:36] D55: Queen's Gambit Declined: 4 Bg5 Be7: Lines without ...h6 and 6...h6 7 Bxf6.} Nbd7 9. Bd3 h6 {[%emt 0:00:55] [#] White must now prevent ...dxc4.} 10. Bh4 (10. cxd5 {might be stronger.} hxg5 11. dxe6) 10... c5 $11 11. cxd5 Nxd5 12. Bxe7 Qxe7 13. Nxd5 {[%emt 0:00:25] [#]} Bxd5 $146 ({Predecessor:} 13... exd5 14. O-O Rac8 15. Qe2 cxd4 16. Nxd4 Nc5 17. Bf5 Ba6 18. Qg4 Rc7 19. Rfe1 g6 {1-0 (30) Kayser,I-Antila,T ICCF corr 1991}) 14. Bh7+ Kh8 {[%emt 0:00:01] [#] And now ...Bxf3 would win.} 15. Be4 Bxe4 16. Qxe4 c4 (16... Nf6 $5 17. Qb1 cxd4 18. Rxd4 Rfc8 $11) 17. O-O Qb4 18. Rd2 {[%emt 0:01:57] The position is equal.} Kg8 19. Rfd1 Qa4 20. Qb1 (20. Rc1 {looks sharper.} Qxa2 21. Qc6 Nf6 22. Rxc4 Ne4 23. Rd1) 20... Nf6 {[%emt 0:04:16][%cal Bd7f6,Bf6d5,Bd5b4][%mdl 32] Prevents d5.} 21. b3 cxb3 22. axb3 Qb5 23. Rc1 Nd5 24. Ne5 Nb4 25. Rc7 a5 26. Rd1 Rac8 27. Rdc1 Rxc7 28. Rxc7 Nd5 29. Rc1 Qe2 30. Qc2 Qxc2 {[%emt 0:00:58] Weighted Error Value: White=0.06 (flawless) /Black=0.05 (flawless)} 1/2-1/2

[Event "ITT 1st Parada Jamundi 2022"]
[Site "Jamundi Valle"]
[Date "2022.12.09"]
[Round "6.9"]
[White "Valdes Martinez, Miguel A."]
[Black "Mora Munoz, Alejandro"]
[Result "1-0"]
[ECO "A48"]
[WhiteElo "2104"]
[BlackElo "1959"]
[Annotator "TA"]
[PlyCount "89"]
[EventDate "2022.12.05"]
[EventType "swiss"]
[EventCountry "COL"]
[SourceTitle "playchess.com"]
[Source "ChessBase"]
[SourceQuality "1"]
[TimeControl "5400+30"]

1. d4 Nf6 2. Nf3 g6 3. e3 Bg7 4. Be2 O-O 5. b4 d6 6. O-O {[%emt 0:00:33] A48: 1 d4 Nf6 2 Nf3 g6: Torre, London and Colle Systems.} c5 7. bxc5 dxc5 8. c3 {[%emt 0:00:04] The position is equal.} Nc6 {[%emt 0:07:03] [#]} 9. Ba3 $146 ({Predecessor:} 9. Nbd2 Qc7 10. Bb2 Rd8 11. Qc2 e5 12. Rfd1 b6 13. Bb5 exd4 14. cxd4 Nb4 15. Qb3 {0-1 (35) Kreindl,H (2189)-Grimm,D (2288) Austria 2018}) 9... cxd4 10. cxd4 Re8 11. Nbd2 e5 12. Nxe5 (12. dxe5 {feels hotter.} Nxe5 13. Nxe5 Rxe5 14. Nb3) 12... Nxe5 13. dxe5 Rxe5 14. Bf3 {[%emt 0:00:01] Inhibits Rd5.} Qd3 {[%emt 0:12:18] Against Nc4} (14... Bg4 $11 {keeps the balance.}) 15. Nb3 $16 Qb5 16. Nd4 (16. Rc1 {simplifies} Be6 17. Nd4 Qa6 18. Nxe6 Qxa3 19. Nd8) 16... Qa6 17. Qb3 Ne4 18. Rfd1 {[%emt 0:02:49] Against Nd2} Nc5 19. Bxc5 (19. Qb4 {simplifies} h5 20. h3 Bd7 21. Rab1) 19... Rxc5 20. Rac1 Rxc1 21. Rxc1 Bxd4 $1 22. exd4 Qb6 23. Qxb6 {White is much more active.} (23. Qe3 $5 Bd7 24. Qf4 $14) 23... axb6 $14 {[%emt 0:00:01][%mdl 4096] Endgame KRB-KRB} 24. h3 Bf5 25. g4 Bd3 26. Bxb7 (26. Rc3 $5 Bb1 27. a3 $14 (27. Bxb7 Rd8 $14)) 26... Rxa2 27. d5 Rd2 28. d6 {[%emt 0:05:00] [#] Hoping for d7.} Kg7 29. Bc6 {[%emt 0:05:26] Threatens to win with d7.} f5 $2 {[%emt 0:10:24][%mdl 8192] White now steadily converts the win.} (29... Bc2 $11 {and Black is okay.}) 30. d7 $18 Be4 {[%emt 0:01:35] Against d8Q} 31. Bb5 g5 (31... Kf7 $142 32. Rc8 Rd1+ 33. Kh2 f4 34. Bc4+ (34. d8=B $2 Rh1#) (34. d8=N+ Kf6 35. f3 Bxf3 36. Rc6+ Kg5 37. Ne6+ Kh4) 34... Ke7 35. Re8+ Kxd7 36. Rxe4 Kc6) 32. f3 Bxf3 33. Rc8 fxg4 34. d8=Q (34. d8=B $2 gxh3 $19) 34... Rxd8 35. Rxd8 gxh3 36. Rd6 g4 {[%emt 0:00:35] [#] Strongly threatening ...g3.} 37. Kh2 {[%emt 0:00:16] Against g3+} (37. Rxb6 g3 38. Kf1 h2 39. Ke1 h1=Q+ 40. Kd2 g2 41. Re6 g1=Q 42. Re7+ Kf6) 37... h5 38. Rxb6 Kh7 39. Bc6 {[%emt 0:00:34] Threatening mate with Bxf3.} Bxc6 40. Rxc6 {[%emt 0:00:01] KR-K3P. White mates.} Kg7 41. Kg3 Kh7 42. Kh4 Kg7 43. Rc5 (43. Kxh5 h2 44. Rg6+ (44. Kxg4 h1=Q $19) 44... Kf7 45. Rxg4 h1=Q+ $19) 43... h2 44. Rc1 (44. Rxh5 h1=Q+ 45. Kxg4 Qe4+ 46. Kh3 Kg6 47. Rh4 Qf3+ 48. Kh2 Kg5 49. Rh3 Qf2+ 50. Kh1 Kf4 51. Rh8 Qa2 52. Rh2 Qd5+ 53. Rg2 Kf3 54. Kh2 Qh5+ 55. Kg1 Qh4 56. Rg8 Qe1+ 57. Kh2 Qe5+ 58. Kh1 Qa1+ 59. Kh2 Qa2+ 60. Kg1 Qxg8+ 61. Kf1 Qg2+ 62. Ke1 Qe2#) 44... Kg6 45. Rh1 {[%emt 0:00:36] Weighted Error Value: White=0.07 (flawless) /Black=0.45} 1-0

[Event "ITT 1st Parada Jamundi 2022"]
[Site "Jamundi Valle"]
[Date "2022.12.09"]
[Round "6.10"]
[White "Herrera, Juan Sebastian"]
[Black "Mateus, Alejandro"]
[Result "1-0"]
[ECO "D10"]
[WhiteElo "2297"]
[BlackElo "2308"]
[Annotator "TA"]
[PlyCount "85"]
[EventDate "2022.12.05"]
[EventType "swiss"]
[EventCountry "COL"]
[SourceTitle "playchess.com"]
[Source "ChessBase"]
[SourceQuality "1"]
[TimeControl "5400+30"]

1. d4 d5 2. c4 c6 3. cxd5 cxd5 4. Bf4 Nc6 5. e3 Nf6 6. Nc3 Bg4 7. Qb3 {[%emt 0:01:21] D10: Slav Defence: 3 cxd5 (without early Nf3) and 3 Nc3.} Qd7 8. h3 Bh5 9. g4 $1 {[%emt 0:03:11] Prevents e6. White is better.} Bg6 10. Nf3 e6 11. Ne5 $1 Qc8 {[%emt 0:00:13] [#]} (11... Nxe5 $2 12. dxe5 a6 13. exf6 $18) 12. Rc1 $146 {[%emt 0:12:43][%mdl 2048] Black is under strong pressure.} ({Predecessor:} 12. h4 Nd7 13. Nxc6 bxc6 14. h5 Be4 15. Nxe4 dxe4 16. Rc1 e5 17. Bxe5 Nxe5 18. dxe5 Qxg4 19. Qa4 Qd7 20. Rxc6 Rb8 21. Rc8+ Rxc8 22. Bb5 {1-0 (22) Elsness,F (2436)-Mihajlov,S (2375) Larvik 2019}) 12... a6 {[%emt 0:21:44] Prevents Bb5.} (12... Be7 $16) 13. Na4 $18 Bb4+ $2 (13... Nd7 14. Nxd7 Qxd7) 14. Kd1 Ba5 15. Nxc6 {[%emt 0:00:14] Active counter play!} (15. Nc5 $142 Ra7 16. Bxa6 $1 (16. Nxb7 Rxb7 17. Qa4 O-O $18) 16... Rxa6 17. Nxa6) 15... bxc6 16. Nb6 Bxb6 17. Qxb6 Be4 (17... O-O {is a better defense.} 18. f3 (18. Qxc6 Be4 $16) (18. Rxc6 Qe8 $16) 18... Nd7 19. Qxc6 Qxc6 20. Rxc6 Rfc8) 18. Rg1 (18. Qxc6+ $2 Qxc6 19. Rxc6 Bxh1 $19) (18. Rxc6 $18 {has better winning chances.} Qd8 19. Qxd8+ Kxd8 20. Rg1) 18... O-O $16 19. Rxc6 (19. Qxc6 $6 Qxc6 20. Rxc6 Rfc8 $14) 19... Qd7 20. Bxa6 {[%emt 0:00:00] Strongly threatening Ke2.} Ra7 {[%emt 0:06:28] [#]} (20... Bf3+ $142 21. Kc1 Ra7) 21. a4 $2 (21. Ke2 $1 $18) 21... Rfa8 (21... Bf3+ $5 22. Kc1 Rfa8 $11) 22. Bb5 {[%emt 0:00:00] Hoping for Ke2.} Rb7 (22... Bf3+ $11 {remains equal.} 23. Kc1 Rb7) 23. Qc5 {[%emt 0:00:00] aiming for Ke2.} Bf3+ 24. Ke1 $1 {[%emt 0:00:00] Rd6 is the strong threat.} Ne4 {[%emt 0:00:10] Inhibits Rd6.} 25. Qc1 g5 {[%emt 0:00:10] White leaves nothing to chance now.} ({Black should play} 25... h6 $14) 26. Be5 f6 {[%emt 0:00:48] [#]} 27. Rg3 $1 Nxg3 (27... Bh1 $16 {was necessary.} 28. f3 Nxg3 29. Bxg3 Bxf3) 28. Bxg3 $18 Qf7 $2 (28... Rba7 29. Rb6 Qd8) 29. Rc8+ Rxc8 30. Qxc8+ Kg7 31. Be8 {[%emt 0:00:00] This pair of bishops is nice.} Qe7 {[%emt 0:00:59] [#] Prevents Bd6.} 32. Bd6 $1 Qxd6 33. Qxb7+ {[%emt 0:00:00][%mdl 4096] Endgame KQB-KQB} Kh6 34. Qc6 {[%emt 0:00:00] Prevents e5.} (34. Qf7 {leads to mate.} Qb4+ 35. Kf1 Qc4+ 36. Kg1 Qc1+ 37. Kh2 Qh1+ 38. Kg3 Qg2#) 34... Qh2 35. Qxe6 Qg1+ 36. Kd2 Qd1+ 37. Kc3 Qc1+ 38. Kb4 Qxb2+ 39. Ka5 Qc3+ 40. Kb6 Qb4+ 41. Kc7 Qa5+ 42. Qb6 Qc3+ 43. Kd8 {[%emt 0:00:00] Weighted Error Value: White=0.30/Black=0.62} 1-0

[Event "ITT 1st Parada Jamundi 2022"]
[Site "Jamundi Valle"]
[Date "2022.12.09"]
[Round "6.12"]
[White "Lopez Rayo, Isabella"]
[Black "Gonzalez Velasco, Leandro"]
[Result "0-1"]
[ECO "B63"]
[WhiteElo "1898"]
[BlackElo "1915"]
[Annotator "TA"]
[PlyCount "74"]
[EventDate "2022.12.05"]
[EventType "swiss"]
[EventCountry "COL"]
[SourceTitle "playchess.com"]
[Source "ChessBase"]
[SourceQuality "1"]
[TimeControl "5400+30"]

1. e4 c5 2. Nf3 d6 3. d4 cxd4 4. Nxd4 Nf6 5. Nc3 Nc6 6. Bg5 e6 7. Qd2 Be7 8. O-O-O O-O 9. Nb3 Qb6 10. f3 Rd8 11. h4 (11. Kb1 $11) 11... Rd7 {[%emt 0:11:32] [#] B63: Sicilian: Richter-Rauzer: 7...Be7 and unusual Black 7th moves.} (11... d5 $15 {keeps the upper hand.}) 12. Bd3 $146 ({Predecessor:} 12. g4 Qd8 13. Bd3 d5 14. Bxf6 Bxf6 15. exd5 Bxc3 16. Qxc3 exd5 17. Bb5 Rd6 18. Bxc6 bxc6 19. Qd4 {1-0 (36) Arzumanyan,S-Akopov,R USSR 1990}) 12... Qd8 13. h5 a6 {[%emt 0:07:31] White is slightly better.} 14. g4 Ne5 15. Qg2 b5 16. Bxf6 (16. Be3 $1 $16) 16... Bxf6 (16... Nxd3+ {simplifies} 17. Rxd3 Bxf6 18. f4 a5) 17. f4 Nc4 (17... Nxd3+ $142 18. Rxd3 b4) 18. Bxc4 (18. e5 $1 $11 Bb7 19. Be4) 18... bxc4 $17 19. Nd4 Qb6 $1 $36 {[%emt 0:06:06][%mdl 2048] Prevents g5. Black is in control.} 20. Nde2 (20. Qd2 $142) 20... Qe3+ ({Better is} 20... Rb8 $1 $17 21. g5 Qxb2+ 22. Kd2 Bxc3+ 23. Nxc3 d5 24. exd5 Bb7) 21. Kb1 Rb8 {[%emt 0:08:21][%cal Ba8b8,Bb8b2,Bb2c2][%mdl 32] Against g5. Black is more active.} 22. Rh3 $2 {[%emt 0:05:35][%mdl 8192] [#] Loses the game.} ({Don't go for} 22. Qg1 $2 Rxb2+ $3 23. Ka1 (23. Kxb2 $2 {loses.} Bxc3+ 24. Ka3 Qxe2 $19) 23... Qxg1 24. Rhxg1 Rxc2 $19) (22. Qh3 $15 Qb6 23. b3) 22... Rxb2+ $3 $19 23. Ka1 Qb6 24. Qg1 Qxg1 (24... Qb4 $142 {( -> ...Rb7)} 25. Qe3 Qa3) 25. Rxg1 Rxc2 26. Kb1 Rd2 {[%emt 0:00:14] Hoping for ...Rb7+.} 27. Kc1 Rd3 28. Rhg3 Rxg3 29. Rxg3 Bxc3 (29... d5 $142 {Threatens to win with ...d4.} 30. e5 Bh4) 30. Nxc3 {[%emt 0:00:02][%mdl 4096] Endgame KRB-KRN} (30. Rxc3 $142 d5 31. e5) 30... d5 31. exd5 exd5 32. Re3 Kf8 {[%emt 0:00:11] Against Re8+. aiming for ...d4.} 33. Re5 Bb7 {[%emt 0:01:57] Black is clearly winning.} 34. Na4 Re7 35. Rf5 g6 36. hxg6 hxg6 37. Rf6 Re6 {[%emt 0:00:11] Weighted Error Value: White=0.59/Black=0.43} 0-1

[Event "ITT 1st Parada Jamundi 2022"]
[Site "Jamundi Valle"]
[Date "2022.12.09"]
[Round "6.13"]
[White "Londono Lopez, Donaldo"]
[Black "Pazos Gambarrotti, Plinio"]
[Result "1-0"]
[ECO "C63"]
[WhiteElo "2055"]
[BlackElo "2083"]
[Annotator "TA"]
[PlyCount "87"]
[EventDate "2022.12.05"]
[EventType "swiss"]
[EventCountry "COL"]
[SourceTitle "playchess.com"]
[Source "ChessBase"]
[SourceQuality "1"]
[TimeControl "5400+30"]

1. e4 e5 2. Nf3 Nc6 3. Bb5 f5 4. Nc3 Nf6 5. exf5 e4 6. Nh4 (6. Ng5 {with more complications.} d5 7. d3 h6 8. Ne6) 6... Nd4 {[%emt 0:00:17] C63: Ruy Lopez: Schliemann/Jaenisch Defence.} 7. Ba4 c6 8. d3 d5 {[%emt 1:31:52] White is better.} 9. dxe4 dxe4 {[%emt 0:00:00] [#]} 10. O-O $146 (10. Bg5 {looks sharper.} Be7 11. Bb3 Nxf5 12. O-O) ({Predecessor:} 10. Be3 Nxf5 11. Qxd8+ Kxd8 12. O-O-O+ Kc7 13. Bg5 Bd6 14. Rhe1 Nxh4 15. Bxh4 b5 16. Bb3 {1-0 (26) Binham,T (2285)-Meister,J (2441) Dresden 2022}) 10... Nxf5 11. Nxf5 Bxf5 12. Qe2 (12. Bf4 $14) 12... Qa5 (12... Bd6 $11) 13. Rd1 $14 Bc5 14. Bb3 Rf8 (14... Bg4 15. Qc4 Bxf2+ 16. Kxf2) (14... Qc7) (14... Bg4 $2 15. Qc4 $1 Bxf2+ 16. Kxf2 $18) (14... Qc7 $142) 15. h3 $1 $16 Nd7 $2 (15... Rd8) (15... Qc7 $16) 16. Bg5 $18 (16. Nxe4 O-O-O) ({Much less strong is} 16. Nxe4 $6 O-O-O $18) 16... Qc7 $2 (16... Bb6 17. Nxe4 Bxe4) (16... Bb6 17. Nxe4 Bxe4) 17. Nxe4 Qe5 {[%emt 0:00:00] [#]} 18. Ng3 (18. Qh5+ Bg6 19. Qg4 Bf5) (18. Rxd7 Bxd7 19. Re1) ({Less strong is} 18. Qh5+ Bg6 19. Qg4 Bf5 $16) (18. Rxd7 $1 $18 Bxd7 19. Re1) 18... Qxe2 $11 19. Nxe2 {[%emt 0:00:00] Re1 is the strong threat.} Bxc2 $1 20. Bxc2 Rxf2 {[%emt 0:00:00] [#]} 21. Kh1 $1 Rxe2 22. Bxh7 {[%emt 0:00:00] Strongly threatening Bg6+. This pair of bishops is nice.} Nf6 23. Bg6+ Kf8 24. Rac1 Be7 25. Rc2 Rxc2 26. Bxc2 Nd5 27. Rf1+ Bf6 28. Bxf6 Nxf6 $14 {[%emt 0:00:00][%mdl 4096] Endgame KRB-KRN} 29. g4 {[%emt 0:00:00] White is more active.} Ke7 30. Kg2 Nd5 31. Kg3 g5 $1 32. Rf5 Rg8 33. Bb3 Ke6 34. h4 gxh4+ 35. Kxh4 b5 36. Rh5 Kd6 ({Better is} 36... a5 $11) 37. Rh6+ Kc5 ({Black should play} 37... Ke5 $1 $14) 38. g5 $16 Re8 {[%emt 0:00:00] [#]} (38... a5 $16) 39. g6 $1 $18 {[%emt 0:01:59] And now g7 would win.} Re1 $2 (39... Re4+ {is a better chance.} 40. Kg5 Re5+ 41. Kg4 Re2) 40. Rh5 {[%emt 0:01:55] Hoping for Bxd5. White is clearly winning.} Kd6 (40... Re4+ 41. Kg3 Re7) (40... Rh1+ $142 41. Kg5 Rxh5+ 42. Kxh5 Nf4+ 43. Kh6 Nxg6) 41. Bxd5 cxd5 42. g7 {[%emt 0:00:08] Threatens to win with Rg5.} Rh1+ 43. Kg5 Rg1+ 44. Kf6 {[%emt 0:00:36] Weighted Error Value: White=0.26 (precise) /Black=0.60} 1-0